 Dungeon Crawl Stone Soup version 0.30-a0-626-gd6a5dd7a1f (webtiles) character file.

Game seed: 3864256379825164265

360 Newt the Slasher (level 6, -2/48 HPs)
             Began as a Demonspawn Gladiator on Jan 11, 2023.
             Slain by a bullfrog (4 damage)
             ... in a sewer.
             The game lasted 00:04:12 (3088 turns).

Newt the Slasher (Demonspawn Gladiator)             Turns: 3088, Time: 00:04:12

Health: -2/48      AC:  4    Str: 17    XL:     6   Next: 38%
Magic:  6/6        EV: 12    Int:  9    God:
Gold:   192        SH:  0    Dex: 14    Spells: 5/5 levels left

rFire   + . .      SeeInvis .    h - +2 long sword (freeze)
rCold   + . .      Faith    .    (no shield)
rNeg    . . .      Spirit   .    b - +1 leather armour
rPois   +          Reflect  .    (helmet restricted)
rElec   +          Harm     .    (no cloak)
rCorr   +          Rampage  .    (no gloves)
Will    .....                    (no boots)
Stlth   +                        (no amulet)
HPRegen 0.28/turn                (no ring)
MPRegen 0.10/turn                (no ring)

@: resistant, very slow
A: claws 1, horns 2, demonic magic 1
a: no special abilities


You were in a sewer.
You visited 1 branch of the dungeon, and saw 4 of its levels.
You also visited: Sewer.

You collected 192 gold pieces.

Inventory:

Hand Weapons
 a - a +0 rapier
 f - a +1 dagger of draining
 h - a +2 long sword of freezing (weapon)
Missiles
 d - 3 throwing nets (quivered)
 g - a javelin
 n - 2 poisoned darts
Armour
 b - a +1 leather armour (worn)
 c - a +0 helmet
Scrolls
 l - 2 scrolls of blinking
 m - a scroll of fog
Potions
 e - a potion of brilliance
 i - a potion of mutation
 j - 2 potions of cancellation
 k - a potion of haste


   Skills:
 - Level 4.0 Fighting
 - Level 2.6(3.9) Short Blades
 + Level 4.4(4.8) Long Blades
 - Level 1.7 Throwing
 - Level 2.6 Dodging
 - Level 2.0 Stealth


You had 5 spell levels left.
You didn't know any spells.
Your spell library contained the following spells:

 Spells                   Type           Power      Damage    Failure   Level
 Apportation              Tloc           0%         N/A       45%         1
 Static Discharge         Conj/Air       0%         2-2/arc   58%         2
 Fulminant Prism          Conj/Hex       0%         3d5       99%         4
 Alistair's Intoxication  Tmut/Pois      0%         N/A       100%        5
 Fireball                 Conj/Fire      0%         3d3       100%        5
 Fire Storm               Conj/Fire      0%         5d1       100%        9


Dungeon Overview and Level Annotations

Branches:
Dungeon (4/15)              Sewer (1/1)
 Temple: D:4-7

Altars:


Innate Abilities, Weirdness & Mutations

You have sharp fingernails.
You have a pair of horns on your head.
Spells you cast may paralyse adjacent enemies.


Message History

You slash the giant cockroach! You freeze the giant cockroach.
You kill the giant cockroach!
No target in view!
No target in view!
No target in view!
No target in view!
No target in view!
No target in view!
No target in view!
No target in view!
No target in view!
No target in view!
No target in view!
No target in view!
Things that are here:
a giant cockroach corpse; a quokka corpse A bullfrog comes into view.
The bullfrog croaks.
A bullfrog comes into view.
The bullfrog gives a loud, deep croak!
You barely miss the bullfrog. The bullfrog closely misses you.
The bullfrog misses you. The bullfrog hits you.
Your unstable footing causes you to fumble your attack.
The bullfrog hits you. The bullfrog misses you. The bullfrog hits you.
The bullfrog barely misses you.
You hit the bullfrog. You freeze the bullfrog.
Your headbutt misses the bullfrog.
The bullfrog is moderately wounded.
The bullfrog hits you. The bullfrog hits you!
Your unstable footing causes you to fumble your attack.
The bullfrog hits you. The bullfrog hits you!
* * * LOW HITPOINT WARNING * * *
The bullfrog hits you.
* * * LOW HITPOINT WARNING * * *
The bullfrog hits you!
* * * LOW HITPOINT WARNING * * *
It was a potion of resistance.
You feel protected. The bullfrog hits you.
You die...

≈≈≈≈### #~≈≈~.#
≈≈≈≈≈≈≈≈####≈≈≈~.#
##≈≈≈≈≈≈≈≈≈≈≈~≈≈≈##≈≈≈~~#
##≈≈≈≈≈≈≈≈≈≈≈~∩~~≈≈#≈≈≈~~#
#≈≈≈≈≈≈~..≈≈~...≈≈≈≈≈≈≈~~#
#≈≈≈≈≈~~.(?~.~~~≈≈~≈≈~≈~~#
#≈≈≈≈≈≈.$:$...~≈≈~≈†~~≈~~#
#≈≈≈≈≈≈≈.:~~..FF~≈≈≈~~≈~~#
#≈≈≈≈≈≈≈≈.~~..~@≈≈≈~~~≈~~#
#≈≈~≈≈≈≈≈≈~~~~≈≈≈≈~~~≈~~#
#≈≈≈~≈≈≈≈≈≈≈≈≈≈≈≈≈~.~≈~~#
#####~≈≈≈≈≈≈≈~~≈≈≈≈≈~.~≈~.#
.........~~≈~≈≈~~~~..~~≈~.#
~~~~~~~~~~~~≈~~≈≈≈~~~~≈≈~.#
≈≈≈≈≈≈≈≈≈≈≈≈≈≈≈≈≈≈≈≈≈≈≈~~.#
~~~~~~~~~~~~~~~~~~~~~~~~..#
~÷................÷......##


You could see 2 bullfrogs.

Vanquished Creatures
  Sigmund (D:2)
  A jelly (D:3)
  An iguana (D:4)
  5 adders
  A river rat (D:4)
  5 worms
  3 dart slugs
  4 endoplasms
  12 giant cockroaches
  4 goblins
  4 hobgoblins
  2 kobolds (D:1)
  5 quokkas
  6 ball pythons
  4 bats
  17 frilled lizards
  6 rats
81 creatures vanquished.

Notes
Turn   | Place    | Note
-------+----------+-------------------------------------------
     0 | D:1      | Newt the Demonspawn Gladiator began the quest for the Orb.
     0 | D:1      | Reached XP level 1. HP: 16/16 MP: 1/1
   103 | D:1      | Reached skill level 1 in Stealth
   170 | D:1      | Gained mutation: Spells you cast may paralyse adjacent
                  | enemies. [demonic ancestry]
   170 | D:1      | Reached XP level 2. HP: 18/22 MP: 2/2
   764 | D:2      | Discovered your monstrous ancestry.
   764 | D:2      | Gained mutation: You have a pair of small horns on your
                  | head. [demonic ancestry]
   764 | D:2      | Reached XP level 3. HP: 11/28 MP: 3/3
   922 | D:2      | Got Reanoh's Quarto of Momentum
  1007 | D:2      | Reached XP level 4. HP: 37/37 MP: 4/4
  1257 | D:2      | Noticed Sigmund
  1315 | D:2      | Killed Sigmund
  1316 | D:2      | Gained mutation: You have sharp fingernails. [demonic
                  | ancestry]
  1316 | D:2      | Reached XP level 5. HP: 12/42 MP: 5/5
  2100 | D:3      | Found a faded altar of an unknown god.
  2293 | D:3      | Gained mutation: You have a pair of horns on your head.
                  | [demonic ancestry]
  2293 | D:3      | Reached XP level 6. HP: 48/48 MP: 6/6
  2756 | D:4      | Found a glowing drain.
  2760 | Sewer    | Entered a sewer
  3087 | Sewer    | HP: 1/48 [bullfrog (7)]
  3088 | Sewer    | Slain by a bullfrog

Illustrated notes

Levels and vault maps discovered:
D:1:      saegor_arrival_miasma, layout_basic
D:2:      layout_loops_corners, uniq_sigmund
D:3:      layout_loops_ring, nicolae_ecumenical_pavilion, serial_forest,
          infiniplex_forest_lined_corner, infiniplex_forest_fountain,
          infiniplex_forest_zigzag_1, infiniplex_forest_fountain,
          infiniplex_forest_clump_long, infiniplex_forest_clump_cross,
          infiniplex_forest_lined_1
D:4:      layout_loops_ring, gammafunk_ghost_smash, gup_sewer_entry_spiral,
          uniq_natasha
Sewer:    sewer_frog_island_01

Skill      XL: |  1  2  3  4  5  6 |
---------------+-------------------+-----
Stealth        | 1 2 |  2.0
Fighting       | 3 4 |  4.0
Long Blades    | 3 4 |  4.4
Short Blades   | |  2.6
Throwing       | |  1.7
Dodging        | |  2.6

Action                   |  1- 3 |  4- 6 || total
-------------------------+-------+-------++-------
Melee: Rapier            |    12 |       ||    12
       Dagger            |    72 |       ||    72
       Headbutt          |     3 |    15 ||    18
       Long sword        |     1 |   145 ||   146
Throw: Javelin           |     1 |       ||     1
       Throwing net      |       |     1 ||     1
  Use: Scroll            |     3 |     7 ||    10
       Potion            |     1 |     1 ||     2
 Stab: Sleeping          |     1 |     4 ||     5
Armor: Leather armour    |    21 |    34 ||    55
Dodge: Dodged            |    46 |    98 ||   144

Table legend: (Time is in decaauts)
 A = Elapsed time spent in this place.
 B = Non-inter-level travel time spent in this place.
 C = Inter-level travel time spent in this place.
 D = Time resting spent in this place.
 E = Time spent auto-exploring this place.
 F = Levels seen in this place.
 G = Mean time per level.
                   A        B        C        D        E       F      G
               +--------+--------+--------+--------+--------+-----+--------+
         Total |   3163 |   3055 |    108 |    308 |   2004 |   5 |  632.6 |
       Dungeon |   2784 |   2676 |    108 |    308 |   1811 |   4 |  696.0 |
         Sewer |    378 |    378 |      0 |      0 |    193 |   1 |  378.0 |
               +--------+--------+--------+--------+--------+-----+--------+

Top non-repeatable levels by time:
     D:2: 1388 daAuts
     D:1: 672 daAuts
     D:3: 560 daAuts
   Sewer: 378 daAuts
     D:4: 162 daAuts
